[Event "51st La Roda Open 2025"]
[Site "La Roda"]
[Date "2025.04.17"]
[Round "4.1"]
[White "Valmana Canto, Jaime"]
[Black "Pranav Vijay"]
[Result "1/2-1/2"]
[Annotator "RC"]
[ECO "C68"]
[WhiteElo "2385"]
[BlackElo "2252"]
[PlyCount "145"]
[EventDate "2025.04.15"]
[EventType "swiss"]
[EventCountry "ESP"]
[SourceTitle "playchess.com"]
[Source "ChessBase"]
[SourceQuality "1"]
[TimeControl "5400+30"]

1. e4 e5 2. Nf3 Nc6 3. Bb5 a6 4. Bxc6 dxc6 5. O-O Qf6 6. d4 exd4 7. Bg5 Qd6 8. Nxd4 Be7 9. Bxe7 Nxe7 10. Nc3 Bd7 11. Nb3 O-O-O 12. Qe2 Ng6 13. f4 Kb8 14. Rad1 Qe7 15. Qf2 Bc8 16. Nc5 f6 17. Nd3 Rhe8 18. Rde1 Nf8 19. f5 Nd7 20. Qg3 Qf8 21. Nd1 Ne5 22. N1f2 Nc4 23. Kh1 Re7 24. Qf4 Rde8 25. Re2 g6 26. b3 Nd6 27. fxg6 hxg6 28. Ng4 g5 29. Qf3 Bxg4 30. Qxg4 Nxe4 31. Kg1 Nc3 32. Ref2 Re4 33. Qxg5 Ne2+ 34. Kh1 Qh8 35. Qxf6 Ng3+ 36. Kg1 Nxf1 37. Qxh8 Rxh8 38. Rxf1 a5 39. Rf4 Re2 40. Rf2 Re3 41. g3 b6 42. Kg2 c5 43. h4 Kb7 44. Rf3 Re4 45. Rf4 Re2+ 46. Rf2 Re7 47. Nf4 Rg8 48. h5 Re5 49. Kf3 Reg5 50. Rg2 c4 51. g4 cxb3 52. cxb3 Kc6 53. Ng6 Kd6 54. Kf4 Rd5 55. g5 Rd1 56. Kf5 Rf1+ 57. Kg4 Rd1 58. Rf2 b5 59. Kf5 Re8 60. h6 Rd5+ 61. Kf6 Re6+ 62. Kf7 Rxg5 63. h7 Rh5 64. Rd2+ Kc6 65. Kxe6 Rxh7 66. Rc2+ Kb6 67. Ne5 Rh6+ 68. Ke7 Rh7+ 69. Ke6 Rh6+ 70. Ke7 Rh7+ 71. Nf7 Rh4 72. Ke6 a4 73. Ne5 1/2-1/2

[Event "51st La Roda Open 2025"]
[Site "La Roda"]
[Date "2025.04.17"]
[Round "4.2"]
[White "Yordanov, Lachezar"]
[Black "Albornoz Cabrera, Carlos Daniel"]
[Result "0-1"]
[Annotator "TA"]
[ECO "E11"]
[WhiteElo "2364"]
[BlackElo "2561"]
[PlyCount "66"]
[EventDate "2025.04.15"]
[EventType "swiss"]
[EventCountry "ESP"]
[SourceTitle "playchess.com"]
[Source "ChessBase"]
[SourceQuality "1"]
[TimeControl "5400+30"]

1. d4 Nf6 2. c4 e6 3. Nf3 d5 4. g3 Bb4+ 5. Bd2 Be7 6. Bg2 O-O 7. O-O c6 8. Qc2 Nbd7 9. Bf4 h6 {[%emt 0:00:22] E11: Bogo-Indian.} 10. Rd1 a5 11. Nc3 dxc4 {[%emt 0:00:05] The position is equal.} 12. Ne5 Nxe5 $1 13. dxe5 Nd5 14. Qe4 $146 (14. Ne4 b5 15. b3 Ba6 16. bxc4 bxc4 17. Nd6 Bxd6 18. exd6 Qf6 19. Bd2 c3 20. Be1 {0-1 Smirnov,P (2538)-Tabatabaei,M (2689) Julius Baer Play In rapid 2023 (3.3)}) 14... b5 15. Bxh6 gxh6 $17 16. Qg4+ Bg5 {[%emt 0:02:10] [#]} 17. h4 f5 18. exf6 Qxf6 19. f4 {[%emt 0:00:04] [#]} (19. Rf1 $17 {was called for.}) 19... Ne3 $1 $19 (19... Nxc3 20. bxc3 Qxc3 21. fxg5 Qe3+ 22. Kh2 hxg5 23. Bxc6 $15) 20. hxg5 hxg5 (20... Nxg4 21. gxf6 b4 22. Na4 $16 (22. Bxc6 $2 Ra6 $19)) 21. Qf3 (21. Qxg5+ $17 Qxg5 22. fxg5 Nxd1 23. Rxd1) 21... Nxd1 22. Rxd1 Ra7 (22... gxf4 $19 {Threatens to win with ...Ra7.} 23. Nxb5 Qxb2) 23. Ne4 $2 {[%emt 0:00:22] This move loses the game for White.} (23. Qe3 $17 {is the only way for White.} Rg7 (23... gxf4 $2 24. Qxa7 fxg3 25. Rf1 $18) 24. Ne4 Qxb2 25. fxg5) 23... Qxb2 24. Nxg5 c3 (24... Qxa2 25. Qh5 Qb2 26. Nxe6 Bxe6 27. Qg6+ Qg7 28. Qxe6+ Kh8 29. Rd6 $17) 25. Qe3 c2 26. Rc1 Rd7 {[%emt 0:05:51] Black is clearly winning.} 27. Kf2 Rd1 ({Weaker is} 27... Qxa2 28. Be4 $17) 28. Qe4 Qg7 {[%emt 0:04:26] Wards off Qh7+} ({Not} 28... Qxc1 29. Qh7#) 29. Rxc2 Qxg5 30. Rxc6 Qf5 31. Qe3 Qf6 32. Bh3 Bd7 33. Rc5 Qd4 {[%emt 0:00:12] Weighted Error Value: White=0.49/Black=0.18 (very precise)   Loses game:     	White=2     	---        Mistake:       	White=2     	Black=1      Inaccurate:     	White=3     	Black=1      OK:         	White=3     	Black=8      Best:        	White=4     	Black=4      Strong:       	---       	Black=1} 0-1

[Event "51st La Roda Open 2025"]
[Site "La Roda"]
[Date "2025.04.17"]
[Round "4.3"]
[White "Fier, Alexandr"]
[Black "Centron Antuna, Daniel"]
[Result "1-0"]
[Annotator "RC"]
[ECO "C18"]
[WhiteElo "2534"]
[BlackElo "2299"]
[PlyCount "51"]
[EventDate "2025.04.15"]
[EventType "swiss"]
[EventCountry "ESP"]
[SourceTitle "playchess.com"]
[Source "ChessBase"]
[SourceQuality "1"]
[TimeControl "5400+30"]

1. e4 e6 2. d4 d5 3. Nc3 Bb4 4. e5 c5 5. a3 Bxc3+ 6. bxc3 Ne7 7. Qg4 Qc7 8. Bd3 cxd4 9. Ne2 dxc3 10. Qxg7 Rg8 11. Qxh7 Qxe5 12. Bf4 Qf6 13. h4 Rxg2 14. Kf1 e5 15. Kxg2 exf4 16. Kf1 Bg4 17. h5 Nd7 18. h6 O-O-O 19. Qg7 Bxe2+ 20. Kxe2 Qe6+ 21. Kf1 Qf6 22. Re1 Ng6 23. Qxf6 Nxf6 24. Bxg6 fxg6 25. h7 Rh8 26. Re7 1-0

[Event "51st La Roda Open 2025"]
[Site "La Roda"]
[Date "2025.04.17"]
[Round "4.4"]
[White "Gonzalez Castillo, Jose Javier"]
[Black "Suleymenov, Alisher"]
[Result "1/2-1/2"]
[Annotator "RC"]
[ECO "B50"]
[WhiteElo "2297"]
[BlackElo "2478"]
[PlyCount "70"]
[EventDate "2025.04.15"]
[EventType "swiss"]
[EventCountry "ESP"]
[SourceTitle "playchess.com"]
[Source "ChessBase"]
[SourceQuality "1"]
[TimeControl "5400+30"]

1. e4 c5 2. Nf3 d6 3. Nc3 Nf6 4. e5 dxe5 5. Nxe5 a6 6. g3 Qd6 7. Qe2 Nc6 8. Nxc6 Qxc6 9. Rg1 Bg4 10. Bg2 Qxg2 11. Rxg2 Bxe2 12. Kxe2 b5 13. d3 g6 14. a4 b4 15. Ne4 Nxe4 16. dxe4 Bg7 17. Rb1 c4 18. Be3 Kd7 19. Rgg1 Kc6 20. b3 Rhd8 21. Rgd1 e6 22. Rxd8 Rxd8 23. Rd1 Rc8 24. bxc4 Bf8 25. f3 Bd6 26. Bd4 Be7 27. Be3 h5 28. h3 Bd6 29. f4 f5 30. e5 Be7 31. h4 Rc7 32. a5 Rd7 33. Rxd7 Kxd7 34. Bb6 Kc6 35. Kd2 Bf8 1/2-1/2

[Event "51st La Roda Open 2025"]
[Site "La Roda"]
[Date "2025.04.17"]
[Round "4.5"]
[White "Gomez Falagan, Daniel"]
[Black "Kanov, Nikola"]
[Result "1-0"]
[Annotator "RC"]
[ECO "E44"]
[WhiteElo "2254"]
[BlackElo "2413"]
[PlyCount "109"]
[EventDate "2025.04.15"]
[EventType "swiss"]
[EventCountry "ESP"]
[SourceTitle "playchess.com"]
[Source "ChessBase"]
[SourceQuality "1"]
[TimeControl "5400+30"]

1. d4 Nf6 2. c4 e6 3. Nc3 Bb4 4. e3 b6 5. Nge2 Ne4 6. Bd2 Nxd2 7. Qxd2 O-O 8. a3 Be7 9. d5 a5 10. g3 Na6 11. Bg2 Bb7 12. O-O Nc5 13. Qc2 exd5 14. Nxd5 a4 15. Nec3 Bxd5 16. Nxd5 Ra5 17. Rad1 Re8 18. e4 Bf8 19. f4 c6 20. Nc3 Qf6 21. Kh1 Qh6 22. Qf2 d6 23. e5 dxe5 24. fxe5 Ra7 25. Qf4 Qe6 26. Ne2 Qxe5 27. Qxe5 Rxe5 28. Nd4 Rc7 29. Bxc6 g6 30. Bd5 Bg7 31. Nb5 Rd7 32. Nd6 Ree7 33. Nc8 Re2 34. Nxb6 Rc7 35. Bf3 Re8 36. Rf2 Rb8 37. Nd5 Rd7 38. Rdd2 Kf8 39. Nb4 Rbd8 40. Rxd7 Rxd7 41. Bd5 Re7 42. Kg2 f5 43. Nc6 Re3 44. g4 Nd3 45. Rf3 Re2+ 46. Kf1 Re1+ 47. Kg2 Rd1 48. Kh3 Ne1 49. Rf1 Rd3+ 50. Kh4 Bf6+ 51. g5 Kg7 52. Rxe1 Bxg5+ 53. Kxg5 h6+ 54. Kf4 Kf6 55. Re6+ 1-0

[Event "51st La Roda Open 2025"]
[Site "La Roda"]
[Date "2025.04.17"]
[Round "4.6"]
[White "Gumularz, Szymon"]
[Black "Vehi Bach, Victor Manuel"]
[Result "1-0"]
[Annotator "TA"]
[ECO "B42"]
[WhiteElo "2604"]
[BlackElo "2178"]
[PlyCount "75"]
[EventDate "2025.04.15"]
[EventType "swiss"]
[EventCountry "ESP"]
[SourceTitle "playchess.com"]
[Source "ChessBase"]
[SourceQuality "1"]
[TimeControl "5400+30"]

1. e4 c5 2. Nf3 e6 3. d4 cxd4 4. Nxd4 a6 5. Bd3 Nf6 6. O-O e5 7. Nb3 {[%emt 0:03:01] B42: Sicilian: Kan Variation: 5 Bd3.} d6 8. c4 Be7 9. Nc3 {[%emt 0:00:46] White is slightly better.} O-O 10. h3 Nc6 11. Be3 Be6 12. Nd5 Nd7 13. Qd2 h6 $146 (13... Re8 14. Rfd1 Bf8 15. Nc1 Nc5 16. b4 Nxd3 17. Qxd3 Bxd5 18. cxd5 Nd4 19. Bxd4 exd4 {1-0 Lin,C (2446)-Yu,S (2507) CHN-chT Beijing 2012 (2)}) 14. Nxe7+ Qxe7 15. f3 Nc5 16. Be2 Rab8 17. Rfd1 {[%emt 0:01:06][%csl Od6] White attacks a weakness} Rfd8 18. Na5 Nxa5 19. Qxa5 b6 20. Qe1 a5 21. b3 f5 22. exf5 Bxf5 23. Qg3 Qf6 24. Rd2 Rd7 25. Rad1 {[%emt 0:00:34] White has strong rooks and is better} Rbd8 26. Kh2 Qg6 (26... Bg6 $14) 27. Qh4 Be6 28. f4 exf4 29. Bxf4 Bf5 30. Bh5 Qe6 31. Re2 Ne4 32. Bf3 $36 {[%emt 0:00:55][%mdl 2048] White is in control. White is much more active. This pair of bishops is nice.} g5 (32... Qf6 $16 33. Qxf6 Nxf6) 33. Qe1 $18 gxf4 (33... Re8 $16 34. Bxe4 Bxe4) 34. Bxe4 {[%emt 0:00:04] [#] Bd5 would now be deadly.} Qg6 35. Bxf5 Qxf5 36. Rd5 Qf7 37. Re6 Qg7 38. Rh5 {[%emt 0:00:00] Weighted Error Value: White=0.06 (flawless) /Black=0.16 (very precise)   Mistake:       	---       	Black=3      Inaccurate:     	White=2     	Black=1      OK:         	White=15    	Black=10     Best:        	White=2     	Black=2} 1-0

[Event "51st La Roda Open 2025"]
[Site "La Roda"]
[Date "2025.04.17"]
[Round "4.7"]
[White "Lopez Martinez, Josep Manuel"]
[Black "Hernandez Leon, Alberto"]
[Result "1-0"]
[Annotator "RC"]
[ECO "E70"]
[WhiteElo "2460"]
[BlackElo "2174"]
[PlyCount "91"]
[EventDate "2025.04.15"]
[EventType "swiss"]
[EventCountry "ESP"]
[SourceTitle "playchess.com"]
[Source "ChessBase"]
[SourceQuality "1"]
[TimeControl "5400+30"]

1. d4 c5 2. d5 g6 3. e4 d6 4. c4 Bg7 5. Bd3 Nf6 6. Nc3 O-O 7. Nge2 e6 8. h3 Na6 9. O-O Nc7 10. f4 exd5 11. exd5 b5 12. cxb5 a6 13. bxa6 Bxa6 14. f5 Qe7 15. Bg5 h6 16. Bxf6 Qe3+ 17. Kh1 Qxd3 18. Bxg7 Qxd1 19. Raxd1 Kxg7 20. Rf2 Rfe8 21. Ng3 Re5 22. fxg6 fxg6 23. Nge4 Rd8 24. Rf6 Bc4 25. Rxd6 Rxd6 26. Nxd6 Bxd5 27. Nxd5 Nxd5 28. Nc4 Re4 29. b3 Nc3 30. Rd2 Ne2 31. Rd7+ Kg8 32. Nd2 Re3 33. a4 Nf4 34. a5 Re1+ 35. Kh2 Ra1 36. Nc4 h5 37. h4 g5 38. hxg5 h4 39. g3 hxg3+ 40. Kxg3 Ne2+ 41. Kg4 Rg1+ 42. Kf5 Nd4+ 43. Kg6 Ne6 44. Kf6 Nf8 45. Rg7+ Kh8 46. Rb7 1-0

[Event "51st La Roda Open 2025"]
[Site "La Roda"]
[Date "2025.04.17"]
[Round "4.8"]
[White "Sierra Vallina, Lionel"]
[Black "Diez Fraile, David"]
[Result "1/2-1/2"]
[Annotator "RC"]
[ECO "B46"]
[WhiteElo "2342"]
[BlackElo "2116"]
[PlyCount "125"]
[EventDate "2025.04.15"]
[EventType "swiss"]
[EventCountry "ESP"]
[SourceTitle "playchess.com"]
[Source "ChessBase"]
[SourceQuality "1"]
[TimeControl "5400+30"]

1. e4 c5 2. Nf3 e6 3. d4 cxd4 4. Nxd4 Nc6 5. Nc3 a6 6. g3 Nf6 7. Nxc6 bxc6 8. e5 Nd5 9. Bd2 Qc7 10. Qe2 Bb4 11. Nb1 Be7 12. c4 Nb4 13. Bc3 c5 14. Bg2 Bb7 15. Bxb7 Qxb7 16. O-O h5 17. Nd2 h4 18. Ne4 g6 19. Rfd1 Nc6 20. Rd6 hxg3 21. fxg3 Rh5 22. Rad1 Nd4 23. Bxd4 cxd4 24. R1xd4 Rxe5 25. Rxd7 Qxd7 26. Rxd7 Kxd7 27. Qf3 Rd8 28. b4 Ke8 29. c5 Rd4 30. Nd6+ Bxd6 31. Qc6+ Ke7 32. cxd6+ Kf6 33. Qxa6 Rxb4 34. Qf1+ Kg7 35. Qa1 f6 36. Qc3 Rb1+ 37. Kg2 Rd1 38. Qc7+ Kh6 39. Qe7 Rd2+ 40. Kf3 Rd3+ 41. Kg4 Rd4+ 42. Kh3 Kg5 43. d7 Red5 44. Qxe6 Rxd7 45. Qe3+ Kh5 46. Qf3+ Kg5 47. Qe3+ Kh5 48. a4 g5 49. Qe8+ Kh6 50. a5 Kg7 51. a6 Ra7 52. Qb8 Rdd7 53. Qb5 Re7 54. Qc6 Kf7 55. Qb6 Kg6 56. Qc6 Kf7 57. Qb6 Kg6 58. Kg4 Re4+ 59. Kf3 Ree7 60. Kg4 Re4+ 61. Kf3 Ree7 62. Kg4 Re4+ 63. Kf3 1/2-1/2

[Event "51st La Roda Open 2025"]
[Site "La Roda"]
[Date "2025.04.17"]
[Round "4.9"]
[White "Perez Travieso, Saul"]
[Black "Garcia Jimenez, Santiago"]
[Result "1-0"]
[Annotator "RC"]
[ECO "E06"]
[WhiteElo "2111"]
[BlackElo "2241"]
[PlyCount "93"]
[EventDate "2025.04.15"]
[EventType "swiss"]
[EventCountry "ESP"]
[SourceTitle "playchess.com"]
[Source "ChessBase"]
[SourceQuality "1"]
[TimeControl "5400+30"]

1. d4 e6 2. Nf3 Nf6 3. c4 d5 4. g3 Be7 5. Bg2 O-O 6. O-O a5 7. Nc3 c6 8. Nd2 b5 9. cxb5 cxb5 10. e4 b4 11. Ne2 Ba6 12. Re1 Nc6 13. e5 Bxe2 14. Qxe2 Nd7 15. Nf3 Qb6 16. Be3 b3 17. a3 Rfc8 18. Qd1 a4 19. Bf1 Na5 20. Bd3 Nc4 21. Qe2 Rc7 22. h4 Rac8 23. Kg2 Nxe3+ 24. Qxe3 Qc6 25. Rh1 f5 26. exf6 Bxf6 27. Rac1 Qd6 28. Rxc7 Rxc7 29. Re1 Nf8 30. Bb5 Ra7 31. Rc1 Qb6 32. Qe2 Ra5 33. Bd3 Ra7 34. Rc8 Rc7 35. Bxh7+ Kf7 36. Rxc7+ Qxc7 37. Bd3 Qc1 38. Ne5+ Bxe5 39. dxe5 Nd7 40. Bb5 Nc5 41. Qh5+ Kg8 42. Qe8+ Kh7 43. Qh5+ Kg8 44. Be8 d4 45. Qf3 Qc2 46. Bf7+ Kh8 47. Qa8+ 1-0

[Event "51st La Roda Open 2025"]
[Site "La Roda"]
[Date "2025.04.17"]
[Round "4.10"]
[White "Romera Carrion, Ruben"]
[Black "Nomindalai Tumurbaatar"]
[Result "0-1"]
[Annotator "RC"]
[ECO "E92"]
[WhiteElo "1995"]
[BlackElo "2211"]
[PlyCount "114"]
[EventDate "2025.04.15"]
[EventType "swiss"]
[EventCountry "ESP"]
[SourceTitle "playchess.com"]
[Source "ChessBase"]
[SourceQuality "1"]
[TimeControl "5400+30"]

1. d4 Nf6 2. c4 g6 3. Nc3 Bg7 4. e4 d6 5. Nf3 O-O 6. Be2 e5 7. dxe5 dxe5 8. Qxd8 Rxd8 9. Bg5 c6 10. Nxe5 Re8 11. O-O-O Na6 12. Rd6 Be6 13. Nf3 Nc5 14. Bxf6 Bxf6 15. e5 Bg7 16. Rhd1 Bf5 17. b4 Na6 18. a3 Bf8 19. c5 Nc7 20. R6d4 b6 21. cxb6 axb6 22. g4 c5 23. gxf5 cxd4 24. Ne4 Rec8 25. Kb2 Nd5 26. Rxd4 Ne7 27. fxg6 Nxg6 28. Nf6+ Kh8 29. Rd7 Bg7 30. Rxf7 Rf8 31. Rxf8+ Rxf8 32. Kb3 Nxe5 33. Nxe5 Rxf6 34. Ng4 Rf4 35. f3 Bd4 36. h3 h5 37. Nh2 Rh4 38. Nf1 Rxh3 39. Kc4 Bf2 40. Kd3 h4 41. Ke4 Rh1 42. f4 Kg7 43. Kf3 Bd4 44. a4 Rg1 45. a5 bxa5 46. bxa5 h3 47. a6 Rg6 48. Bd3 Rc6 49. Ng3 Rc3 50. Ke2 h2 51. Kd2 Ra3 52. Nh1 Ra1 53. Be4 Rxa6 54. Ng3 Ra2+ 55. Kd3 Ra3+ 56. Kxd4 Rxg3 57. Ke5 Re3 0-1

[Event "51st La Roda Open 2025"]
[Site "La Roda"]
[Date "2025.04.17"]
[Round "4.11"]
[White "Goncalves, Samuel Jesus P"]
[Black "Mazon Menendez, Jorge"]
[Result "1-0"]
[Annotator "RC"]
[ECO "A39"]
[WhiteElo "2248"]
[BlackElo "2032"]
[PlyCount "69"]
[EventDate "2025.04.15"]
[EventType "swiss"]
[EventCountry "ESP"]
[SourceTitle "playchess.com"]
[Source "ChessBase"]
[SourceQuality "1"]
[TimeControl "5400+30"]

1. Nf3 c5 2. g3 Nf6 3. Bg2 g6 4. c4 Nc6 5. Nc3 Bg7 6. d4 cxd4 7. Nxd4 Nxd4 8. Qxd4 O-O 9. O-O d6 10. Qd3 Bf5 11. e4 Be6 12. b3 Ng4 13. Bd2 Qd7 14. Rad1 Rfc8 15. Kh1 a6 16. f4 f5 17. exf5 gxf5 18. Nd5 Rc6 19. Rde1 Kh8 20. Qe2 Bxd5 21. Bxd5 Rc7 22. Ba5 e5 23. Bxc7 Qxc7 24. fxe5 Nxe5 25. Rxf5 Re8 26. Rh5 Rf8 27. Qe4 h6 28. Rf5 Rb8 29. Ref1 b5 30. g4 Qe7 31. g5 Rf8 32. gxh6 Bxh6 33. Rxf8+ Bxf8 34. Qf5 Bh6 35. Rg1 1-0

[Event "51st La Roda Open 2025"]
[Site "La Roda"]
[Date "2025.04.17"]
[Round "4.12"]
[White "Talavera Garcia, Santiago"]
[Black "Aishwin Daniel"]
[Result "0-1"]
[Annotator "RC"]
[ECO "C18"]
[WhiteElo "2024"]
[BlackElo "2236"]
[PlyCount "84"]
[EventDate "2025.04.15"]
[EventType "swiss"]
[EventCountry "ESP"]
[SourceTitle "playchess.com"]
[Source "ChessBase"]
[SourceQuality "1"]
[TimeControl "5400+30"]

1. e4 e6 2. d4 d5 3. Nc3 Bb4 4. e5 c5 5. a3 Bxc3+ 6. bxc3 Ne7 7. Qg4 Qc7 8. Bd3 c4 9. Be2 Nf5 10. h4 Nc6 11. h5 Qa5 12. Bd2 h6 13. Qf4 Bd7 14. g4 Nfe7 15. Rh3 Rf8 16. Nf3 f6 17. exf6 Rxf6 18. Qh2 O-O-O 19. Nh4 Rdf8 20. Rf3 Qb6 21. Bc1 Qd8 22. Qg3 Ng8 23. Ng6 Rxf3 24. Bxf3 Re8 25. Qd6 Qb6 26. Bf4 e5 27. dxe5 Nxe5 28. Qxe5 Qb2 29. Rd1 Qxc3+ 30. Kf1 Rxe5 31. Nxe5 Nf6 32. Bxd5 Nxd5 33. Rxd5 Bc6 34. Rc5 Qxc2 35. Nxc6 Qd1+ 36. Kg2 Qxg4+ 37. Bg3 bxc6 38. Rxc6+ Kb7 39. Rg6 Qd4 40. a4 c3 41. a5 c2 42. a6+ Ka8 0-1

[Event "51st La Roda Open 2025"]
[Site "La Roda"]
[Date "2025.04.17"]
[Round "4.13"]
[White "Cuellar Montes, Alejandro"]
[Black "Del Rosario Silva, Dexnisi"]
[Result "0-1"]
[Annotator "RC"]
[ECO "B07"]
[WhiteElo "2200"]
[BlackElo "2013"]
[PlyCount "94"]
[EventDate "2025.04.15"]
[EventType "swiss"]
[EventCountry "ESP"]
[SourceTitle "playchess.com"]
[Source "ChessBase"]
[SourceQuality "1"]
[TimeControl "5400+30"]

1. e4 d6 2. d4 Nf6 3. Nc3 e5 4. Nge2 c6 5. h3 b5 6. a3 h5 7. g3 Nbd7 8. Bg2 Bb7 9. O-O Be7 10. Be3 O-O 11. f4 a5 12. Nb1 Re8 13. Nd2 Bf8 14. Bf2 Qc7 15. Re1 b4 16. c3 bxa3 17. bxa3 c5 18. fxe5 dxe5 19. d5 c4 20. Nf1 Nc5 21. Nc1 Ba6 22. g4 hxg4 23. hxg4 Qc8 24. Bf3 Nh7 25. Ng3 Rd8 26. Be3 Ne6 27. Qe2 Neg5 28. Kg2 Bc5 29. Bd2 Rb8 30. Ra2 Rb6 31. Be3 Rg6 32. Nf5 Nf6 33. Bxc5 Qxc5 34. Kg3 Nxf3 35. Qxf3 Bc8 36. Qe3 Rxg4+ 37. Kf3 Qxe3+ 38. Nxe3 Rxe4 39. Ne2 Rh4 40. Ng3 e4+ 41. Kg2 Nxd5 42. Nxc4 Nf4+ 43. Kg1 Be6 44. Rxe4 Rd1+ 45. Kf2 Nh3+ 46. Ke2 Rxe4+ 47. Kxd1 Rxc4 0-1

[Event "51st La Roda Open 2025"]
[Site "La Roda"]
[Date "2025.04.17"]
[Round "4.14"]
[White "Juan Lepp, Jaime Boris"]
[Black "Gonzalez Lema, Carlos"]
[Result "1-0"]
[Annotator "RC"]
[ECO "C48"]
[WhiteElo "2015"]
[BlackElo "2200"]
[PlyCount "85"]
[EventDate "2025.04.15"]
[EventType "swiss"]
[EventCountry "ESP"]
[SourceTitle "playchess.com"]
[Source "ChessBase"]
[SourceQuality "1"]
[TimeControl "5400+30"]

1. e4 e5 2. Nf3 Nc6 3. Nc3 Nf6 4. Bb5 Bd6 5. O-O a6 6. Bxc6 dxc6 7. d3 Bg4 8. Qe2 Qd7 9. Nd1 O-O-O 10. Ne3 h5 11. h3 Bc5 12. hxg4 hxg4 13. Nxe5 Qe6 14. N5xg4 Rh7 15. Nxf6 Qxf6 16. Qg4+ Kb8 17. f3 Rdh8 18. Kf2 Rh6 19. Qf5 Qe7 20. Ke2 Rh5 21. Qf4 g6 22. Ng4 f5 23. Nf2 Rh2 24. Rg1 fxe4 25. dxe4 Qe6 26. b3 Bd4 27. Rb1 R2h4 28. Qd2 Qe5 29. Qg5 Qe8 30. Bb2 R8h5 31. Qd2 Bb6 32. Bf6 Rd5 33. Qc3 Rc5 34. Qb2 Rh2 35. Bd4 Rxc2+ 36. Qxc2 Bxd4 37. b4 Qe7 38. Qd2 c5 39. Rbd1 Rh8 40. bxc5 Bxc5 41. Rh1 Re8 42. Qd7 Qe5 43. Nd3 1-0

[Event "51st La Roda Open 2025"]
[Site "La Roda"]
[Date "2025.04.17"]
[Round "4.15"]
[White "Pomes Marcet, Joan"]
[Black "Diaz Rodriguez, Jose Antonio"]
[Result "1/2-1/2"]
[Annotator "RC"]
[ECO "A55"]
[WhiteElo "2187"]
[BlackElo "2006"]
[PlyCount "59"]
[EventDate "2025.04.15"]
[EventType "swiss"]
[EventCountry "ESP"]
[SourceTitle "playchess.com"]
[Source "ChessBase"]
[SourceQuality "1"]
[TimeControl "5400+30"]

1. d4 Nf6 2. c4 d6 3. Nc3 Nbd7 4. Nf3 e5 5. g3 Be7 6. Bg2 O-O 7. O-O c6 8. e4 Qc7 9. h3 Rb8 10. Be3 b5 11. cxb5 cxb5 12. Rc1 Qa5 13. Nd2 Nb6 14. Nb3 Qa6 15. dxe5 dxe5 16. Bc5 Bxc5 17. Nxc5 Qa5 18. Qd6 Bb7 19. b4 Qa3 20. Nxb7 Rxb7 21. Nxb5 Qxa2 22. Ra1 Qe2 23. Qc6 Rbb8 24. Rfe1 Qd2 25. Nxa7 Nc8 26. Nb5 Qxb4 27. Na7 Qd2 28. Qc5 Nxa7 29. Qxa7 Rb4 30. Qe3 1/2-1/2

[Event "51st La Roda Open 2025"]
[Site "La Roda"]
[Date "2025.04.17"]
[Round "4.16"]
[White "Rumbos Garcia, Alejandro Daniel"]
[Black "Gonzalez Manchon, Juan Miguel"]
[Result "1-0"]
[Annotator "RC"]
[ECO "A36"]
[WhiteElo "2178"]
[BlackElo "1988"]
[PlyCount "62"]
[EventDate "2025.04.15"]
[EventType "swiss"]
[EventCountry "ESP"]
[SourceTitle "playchess.com"]
[Source "ChessBase"]
[SourceQuality "1"]
[TimeControl "5400+30"]

1. c4 Nf6 2. Nc3 g6 3. e4 d6 4. g3 Bg7 5. Bg2 c5 6. Nge2 Nc6 7. d3 O-O 8. O-O Ne8 9. Be3 Nd4 10. Rb1 a6 11. a3 Rb8 12. b4 Bd7 13. f4 Nxe2+ 14. Nxe2 Qc8 15. bxc5 dxc5 16. Qd2 Nf6 17. Kh1 Rd8 18. Nc3 Bh3 19. Rfd1 Bxg2+ 20. Kxg2 e6 21. h3 Qc6 22. Kh2 h5 23. a4 Rd7 24. a5 Rbd8 25. Qc2 Qc7 26. e5 Ne8 27. Na4 h4 28. Nxc5 hxg3+ 29. Kxg3 g5 30. Nxd7 Rxd7 31. d4 Bf8 1-0

[Event "51st La Roda Open 2025"]
[Site "La Roda"]
[Date "2025.04.17"]
[Round "4.17"]
[White "Santos, Antonio P"]
[Black "Siscar Conill, Aitor"]
[Result "1-0"]
[Annotator "RC"]
[ECO "E06"]
[WhiteElo "2152"]
[BlackElo "1986"]
[PlyCount "43"]
[EventDate "2025.04.15"]
[EventType "swiss"]
[EventCountry "ESP"]
[SourceTitle "playchess.com"]
[Source "ChessBase"]
[SourceQuality "1"]
[TimeControl "5400+30"]

1. d4 d5 2. c4 c6 3. Nf3 e6 4. Qc2 Nf6 5. g3 Be7 6. Bg2 O-O 7. O-O b6 8. Rd1 Bb7 9. Nc3 Qc8 10. Bf4 dxc4 11. Ne5 Nd5 12. Nxc4 Nxf4 13. gxf4 c5 14. d5 f5 15. d6 Bh4 16. d7 Qc7 17. Nb5 Qxf4 18. Bxb7 Nxd7 19. Rxd7 Rf6 20. e3 Rg6+ 21. Kh1 Qg4 22. Ne5 1-0

[Event "51st La Roda Open 2025"]
[Site "La Roda"]
[Date "2025.04.17"]
[Round "4.18"]
[White "Gomez Falagan, Hugo"]
[Black "Rodriguez Garcia, Manuel Francisco"]
[Result "0-1"]
[Annotator "NA RC"]
[ECO "B22"]
[WhiteElo "2000"]
[BlackElo "2131"]
[PlyCount "82"]
[EventDate "2025.04.15"]
[EventType "swiss"]
[EventCountry "ESP"]
[SourceTitle "playchess.com"]
[Source "ChessBase"]
[SourceQuality "1"]
[TimeControl "5400+30"]

1. e4 c5 2. c3 d5 3. exd5 Qxd5 4. d4 Bf5 5. Nf3 Nc6 6. Na3 cxd4 7. Nb5 O-O-O 8. cxd4 e5 9. Nc3 Qa5 10. Bd2 exd4 11. Nxd4 Rxd4 12. Be2 Bb4 13. Qb3 Nf6 14. Be3 Be6 15. Qc2 Bxc3+ 16. bxc3 Ra4 17. O-O Rxa2 18. Rxa2 Qxa2 19. Qd3 Rd8 20. Bd4 Nd5 21. Bf3 Nxd4 22. cxd4 Qa6 23. Qxh7 g6 24. Qh6 Kb8 25. Qg5 Qd6 26. Rb1 Nb6 27. h4 Bd5 28. Bxd5 Qxd5 29. Qf4+ Ka8 30. Rd1 a5 31. Qc7 Ka7 32. Rb1 Rd6 33. Qc3 Rc6 34. Qd2 Rc4 35. Rd1 Na4 36. g3 Nc3 37. Ra1 a4 38. Qe1 Qxd4 39. Kh2 Qc5 40. Qd2 Ne4 41. Qd1 Qxf2+ 0-1

[Event "51st La Roda Open 2025"]
[Site "La Roda"]
[Date "2025.04.18"]
[Round "6.1"]
[White "Fier, Alexandr"]
[Black "Pranav Vijay"]
[Result "1/2-1/2"]
[Annotator "RC"]
[ECO "C43"]
[WhiteElo "2534"]
[BlackElo "2252"]
[PlyCount "83"]
[EventDate "2025.04.15"]
[EventType "swiss"]
[EventCountry "ESP"]
[SourceTitle "playchess.com"]
[Source "ChessBase"]
[SourceQuality "1"]
[TimeControl "5400+30"]

1. e4 e5 2. Nf3 Nf6 3. d4 Nxe4 4. Bd3 d5 5. Nxe5 Bd6 6. O-O O-O 7. c4 c5 8. cxd5 Nf6 9. Bg5 cxd4 10. Nf3 Be7 11. Bc4 h6 12. Bh4 g5 13. Bg3 Nxd5 14. Qxd4 Nb6 15. Qxd8 Rxd8 16. Bb3 Bf6 17. Ne5 Nd5 18. Nd2 Nc6 19. Nxc6 bxc6 20. Nc4 Nf4 21. Rfe1 Be6 22. Bxf4 gxf4 23. Rac1 Rac8 24. Na5 Bxb3 25. Nxb3 Bxb2 26. Rc2 Ba3 27. Kf1 Bb4 28. Rec1 c5 29. Rc4 a5 30. Nxc5 Rd2 31. Na6 Rxc4 32. Rxc4 Rxa2 33. Nxb4 axb4 34. Rxb4 f3 35. gxf3 Kg7 36. Kg2 Ra1 37. Rb6 Rc1 38. h4 Rc5 39. Kg3 h5 40. Rb4 Kg6 41. Kf4 f6 42. Ke4 1/2-1/2